 Dungeon Crawl Stone Soup version 0.30-a0-170-g85af917532 (webtiles) character file.

Game seed: 105674835238011060

23 NinjaNoafa the Chiller (level 2, 0/20 HPs)
             Began as a Ghoul Ice Elementalist on Sept 30, 2022.
             Slain by a kobold
             ... wielding a +2 short sword of venom
              (3 damage)
             ... on level 2 of the Dungeon.
             The game lasted 00:01:41 (1053 turns).

NinjaNoafa the Chiller (Ghoul Ice Elementalist)     Turns: 1053, Time: 00:01:42

Health: 0/20       AC:  2    Str: 11    XL:     2   Next: 95%
Magic:  1/4        EV: 12    Int: 10    God:
Gold:   66         SH:  0    Dex:  9    Spells: 4/5 levels left

rFire   x . .      SeeInvis .    c - +1 dagger (freeze)
rCold   + + .      Faith    .    (no shield)
rNeg    + + +      Spirit   .    a - +0 robe
rPois   ∞          Reflect  .    (no helmet)
rElec   .          Harm     .    (no cloak)
rCorr   .          Rampage  .    (no gloves)
Will    .....                    (no boots)
Stlth   ++........               (no amulet)
HPRegen 0.00/turn                e - ring of ice
MPRegen 0.09/turn                (no ring)

@: inhibited regen
A: claws 1, cold resistance 1, negative energy resistance 3, inhibited
regeneration, torment resistance 2, devour on kill
a: no special abilities


You were on level 2 of the Dungeon.
You visited 1 branch of the dungeon, and saw 2 of its levels.

You collected 66 gold pieces.

Inventory:

Hand Weapons
 c - a +1 dagger of freezing (weapon)
 f - a +0 whip
Missiles
 d - 19 stones
Armour
 a - a +0 robe (worn)
Jewellery
 e - a ring of ice (left claw)
Scrolls
 b - a scroll of blinking {unknown}


   Skills:
 - Level 1.7 Dodging
 - Level 2.1 Stealth
 + Level 2.1 Spellcasting
 + Level 5.1 Ice Magic


You had 4 spell levels left.
You knew the following spells:

 Your Spells              Type           Power      Damage    Failure   Level
a - Freeze                Ice            64%        1d8       3%          1

Your spell library contained the following spells:

 Spells                   Type           Power      Damage    Failure   Level
 Frozen Ramparts          Ice            32%        1d5       12%         3
 Ozocubu's Armour         Ice            16%        N/A       12%         3
 Sting                    Tmut/Pois      4%         1d3       30%         1
 Poisonous Vapours        Pois/Air       2%         N/A       43%         2
 Summon Ice Beast         Ice/Summ       9%         N/A       71%         4
 Olgreb's Toxic Radiance  Pois           1%         N/A       97%         4


Dungeon Overview and Level Annotations

Branches:
Dungeon (2/15)

Altars:


Innate Abilities, Weirdness & Mutations

You are immune to poison.
You have sharp fingernails.
Your flesh is cold resistant. (rC+)
You are immune to negative energy. (rN+++)
You do not regenerate when monsters are visible.
You are immune to unholy pain and torment.
You thrive by killing the living.


Message History

You see here a jackal corpse.
You barely miss the ball python. The ball python misses you.
The ball python closely misses you.
The ball python bites you but does no damage.
The ball python grabs you. The ball python constricts you.
You feel a surge of power!
You freeze the ball python.
The ball python is moderately wounded.
The ball python seems to slow down.
You feel a surge of power!
You freeze the ball python.
You kill the ball python!
A kobold comes into view. It is wielding a +1 dagger of freezing.
The kobold shouts!
You hear a shout!
A kobold comes into view.
It is wielding a +2 short sword of venom.
A worm comes into view.
The kobold throws a stone.
The stone hits you.
The kobold throws a stone.
The stone closely misses you.
You barely miss the kobold.
The kobold hits you with a +1 dagger of freezing.
You closely miss the kobold. The kobold closely misses you.
You feel a surge of power!
You freeze the kobold!
You kill the kobold!
The kobold throws a stone.
The stone barely misses you.
Things that are here:
a +1 dagger of freezing; a +0 leather armour; a kobold corpse
c - a +1 dagger of freezing Your +1 dagger of freezing glows with a cold blue light!
c - a +1 dagger of freezing (weapon)
You hit the worm. You freeze the worm.
The worm is lightly wounded.
The worm bites you but does no damage.
You hit the worm. You freeze the worm.
The worm is moderately wounded.
The kobold hits you with a +2 short sword of venom.
You are too injured to fight recklessly!
You hit the worm. You freeze the worm.
The worm is heavily wounded.
The worm bites you!
* * * LOW HITPOINT WARNING * * *
The kobold hits you with a +2 short sword of venom.
You die...

..#. ..# .... ##.#
.... ...## ...#
... #..### #.##
.####...####..####
.......w.........#
###
.......@.........#
#.#
.......K.........#
#..
.............††).#
##.
..........>####.##
## ............#
#.## #
..........#.#
#..#####
............#
##.....##
.............
.#####..##
.....##...


You could see a worm and a kobold.

Vanquished Creatures
  2 ball pythons
  2 endoplasms (D:1)
  A goblin (D:1)
  6 jackals
  3 kobolds
  2 quokkas (D:1)
  2 frilled lizards (D:1)
18 creatures vanquished.

Notes
Turn   | Place    | Note
-------+----------+-------------------------------------------
     0 | D:1      | NinjaNoafa the Ghoul Ice Elementalist began the quest for
                  | the Orb.
     0 | D:1      | Reached XP level 1. HP: 14/14 MP: 2/2
   294 | D:1      | Reached XP level 2. HP: 13/20 MP: 2/4
   496 | D:1      | Found a faded altar of an unknown god.
   651 | D:1      | Reached skill level 5 in Ice Magic
  1053 | D:2      | Slain by a kobold

Illustrated notes

Levels and vault maps discovered:
D:1:      dpeg_arrival_erosion, layout_rooms, ebering_ecumenical_altar_rust,
          patterned_corridor
D:2:      layout_rooms

Skill      XL: |  1  2 |
---------------+-------+-----
Spellcasting   | 2 |  2.1
Ice Magic      | 5 |  5.1
Dodging        | |  1.7
Stealth        | |  2.1

Action                   || total
-------------------------++-------
Melee: Club              ||    12
       Whip              ||     5
       Dagger            ||     3
 Cast: Freeze            ||    24
  Use: Potion            ||     3
Armor: Robe              ||    10
Dodge: Dodged            ||    43

Table legend: (Time is in decaauts)
 A = Elapsed time spent in this place.
 B = Non-inter-level travel time spent in this place.
 C = Inter-level travel time spent in this place.
 D = Time resting spent in this place.
 E = Time spent auto-exploring this place.
 F = Levels seen in this place.
 G = Mean time per level.
                   A        B        C        D        E       F      G
               +--------+--------+--------+--------+--------+-----+--------+
         Total |   1054 |   1032 |     22 |      0 |    863 |   2 |  527.0 |
       Dungeon |   1054 |   1032 |     22 |      0 |    863 |   2 |  527.0 |
               +--------+--------+--------+--------+--------+-----+--------+

Top non-repeatable levels by time:
     D:1: 986 daAuts
     D:2: 68 daAuts
